 Dungeon Crawl Stone Soup version 0.21.0-3-g78d12a8 (webtiles) character file.

359 theanonym the Chopper (level 6, -5/53 HPs)
             Began as a Ghoul Gladiator on Jan 13, 2018.
             Was a Believer of Qazlal.
             Killed from afar by Grinder the hellion (22 damage)
             ... with damnation
             ... on level 4 of the Dungeon.
             The game lasted 00:05:39 (2201 turns).

theanonym the Chopper (Ghoul Gladiator)             Turns: 2201, Time: 00:05:39

Health: -5/53      AC: 11    Str: 17    XL:     6   Next: 65%
Magic:  5/5        EV:  7    Int:  3    God:    Qazlal [**....]
Gold:   318        SH:  2    Dex: 10    Spells: 5/5 levels left

rFire    . . .     SeeInvis .   a - +0 war axe
rCold    + . .     Gourm    .   (no shield)
rNeg     + + +     Faith    +   g - +0 chain mail
rPois    ∞         Spirit   .   c - +1 helmet
rElec    .         Reflect  .   (no cloak)
rCorr    .         Harm     .   i - +0 pair of gloves
MR       .....                  (no boots)
Stlth    ..........             d - amulet of faith {Faith}
HPRegen  0.00/turn              y - -3 ring of strength
MPRegen  0.09/turn              (no ring)

@: rotting, invisible
A: rotting body, claws 1, carnivore, cold resistance 1, negative energy
resistance 3, inhibited regeneration, torment resistance, unbreathing
a: Upheaval, Renounce Religion


Innate Abilities, Weirdness & Mutations

Your body is rotting away.
You thrive on raw meat.
You are immune to poison.
You have sharp fingernails.
You are carnivorous and can eat meat at any time.
Your flesh is cold resistant. (rC+)
You are immune to negative energy. (rN+++)
You do not regenerate when monsters are visible.
You are immune to unholy pain and torment.
You can survive without breathing.


   Skills:
 + Level 4.6 Fighting
 * Level 5.6 Axes
 - Level 1.7 Throwing
 - Level 2.6 Dodging
 + Level 0.0 Invocations


You had 5 spell levels left.
You didn't know any spells.

Skill      XL: |  1  2  3  4  5 |
---------------+----------------+-----
Axes           | 3 4 5 |  5.6
Fighting       | 3 4 |  4.6
Throwing       | |  1.7
Dodging        | |  2.6

Action                   |  1- 3 |  4- 6 || total
-------------------------+-------+-------++-------
Melee: War axe           |    96 |   171 ||   267
Throw: Throwing net      |     1 |     2 ||     3
Evoke: Wand              |       |     7 ||     7
  Use: Scroll            |       |     8 ||     8
       Potion            |       |     1 ||     1
 Stab: Held in net/web   |       |     1 ||     1
  Eat: Chunk             |     2 |    18 ||    20
Armor: Chain mail        |    91 |   143 ||   234
Dodge: Dodged            |    68 |    77 ||   145
Block: Other             |       |    12 ||    12

Inventory:

Hand Weapons
 a - a +0 war axe (weapon)
Armour
 b - a +0 leather armour {4}
 c - a +1 helmet (worn)
 g - a +0 chain mail (worn)
   (You found it on level 1 of the Dungeon)
 i - a +0 pair of gloves (worn)
   (You found it on level 4 of the Dungeon)
Jewellery
 d - an amulet of faith (around neck) {Faith}
   (You found it on level 4 of the Dungeon)
 y - a -3 ring of strength (left hand)
   (You found it on level 4 of the Dungeon)
Wands
 x - a wand of polymorph (5)
   (You found it on level 4 of the Dungeon)
Scrolls
 f - a scroll of immolation {unknown}
 j - 2 scrolls of remove curse
 m - a scroll of fear {unknown}
 s - a scroll of amnesia
 v - a scroll of blinking {unknown}
 w - a scroll of teleportation {unknown}
Potions
 h - a potion of brilliance {unknown}
 k - a potion of might
 l - a potion of flight {unknown}
 n - a potion of curing {unknown}
 o - a potion of invisibility
 p - a potion of agility {unknown}
 q - 4 potions of heal wounds
Comestibles
 e - 8 rations


You were on level 4 of the Dungeon.
You worshipped Qazlal.
Qazlal was pleased with you.
You were not hungry.

You visited 1 branch of the dungeon, and saw 4 of its levels.

You collected 318 gold pieces.

Dungeon Overview and Level Annotations

Branches:
Dungeon (4/15)
 Temple: D:4-7

Altars:
Ashenzari
Elyvilon
Hepliaklqana
Qazlal
Sif Muna
Uskayaw
Xom
The Shining One

Annotations:
D:4 Grinder

#...........####.##.#
#.................#.#
####.###.####.####..#.#
#..#)....####.####..#.#
#...................#.#
#...##........####.##
#...#...............
#...##############.#
##...####.@........
#........2########.
#.##.#..........#
#.##.#<)!.....###
#.##.#.########
#.##.#.......#
#.##.######### #.##.#
#.##.#


You could see Grinder the hellion.

Notes
Turn   | Place    | Note
-------+----------+-------------------------------------------
     0 | D:1      | theanonym the Ghoul Gladiator began the quest for the Orb.
     0 | D:1      | Reached XP level 1. HP: 17/17 MP: 0/0
    35 | D:1      | Reached skill level 3 in Axes
    79 | D:1      | Reached XP level 2. HP: 24/25 MP: 1/1
   197 | D:1      | Found a shimmering altar of Xom.
   532 | D:2      | Reached XP level 3. HP: 29/30 MP: 2/2
   607 | D:2      | Reached skill level 3 in Fighting
   624 | D:2      | Found a deep blue altar of Sif Muna.
   629 | D:2      | Found a hazy altar of Hepliaklqana.
   633 | D:2      | Found a hide-covered altar of Uskayaw.
   634 | D:2      | Found a white marble altar of Elyvilon.
   634 | D:2      | Found a stormy altar of Qazlal.
   650 | D:2      | Became a worshipper of Qazlal Stormbringer
   772 | D:2      | Reached XP level 4. HP: 34/38 MP: 3/3
   814 | D:2      | Reached skill level 4 in Axes
  1210 | D:3      | Reached * piety under Qazlal
  1239 | D:3      | Reached XP level 5. HP: 45/45 MP: 4/4
  1322 | D:3      | Found a glowing golden altar of the Shining One.
  1641 | D:4      | Noticed an ogre
  1652 | D:4      | Killed an ogre
  1652 | D:4      | Reached skill level 4 in Fighting
  1652 | D:4      | Reached skill level 5 in Axes
  1662 | D:4      | Reached XP level 6. HP: 43/52 MP: 5/5
  2015 | D:4      | Found a shattered altar of Ashenzari.
  2126 | D:4      | Reached ** piety under Qazlal
  2172 | D:4      | Noticed Grinder
  2173 | D:4      | Paralysed by Grinder for 3 turns
  2190 | D:4      | Paralysed by Grinder for 6 turns
  2196 | D:4      | Noticed Grinder
  2196 | D:4      | Grinder changed into Grinder the hellion
  2200 | D:4      | HP: 17/53 [Grinder the hellion/damnation (20)]
  2201 | D:4      | Killed from afar by Grinder the hellion

Vanquished Creatures
  An ogre (D:4)
  A scorpion (D:4)
  2 worker ants (D:4)
  7 adders
  A howler monkey skeleton (D:4)
  2 oozes
  An adder skeleton (D:4)
  3 worms (D:2)
  2 dart slugs (D:3)
  2 leopard geckos (D:4)
  7 orcs
  3 giant cockroaches
  4 goblins
  4 hobgoblins
  13 jackals
  3 quokkas
  A ball python (D:4)
  7 bats
  A frilled lizard (D:3)
  5 kobolds
  6 rats
76 creatures vanquished.

Table legend:
 A = Turns spent in this place as a percentage of turns spent in the entire game.
 B = Non-inter-level travel turns spent in this place as a percentage of non-inter-level travel turns spent in the entire game.
 C = Inter-level travel turns spent in this place as a percentage of turns spent in this place.
 D = Turns resting spent in this place as a percentage of non-inter-level travel turns spent in this place.
 E = Turns spent auto-exploring this place as a percentage of non-inter-level travel turns spent in this place.
 F = Non-inter-level travel turns spent in this place divided by the number of levels of this place that you've seen.
                   A       B       C       D       E      F
               +-------+-------+-------+-------+-------+----------------------
         Total | 100.0 | 100.0 |   4.0 |   0.0 |  73.6 | 528.2
       Dungeon | 100.0 | 100.0 |   4.0 |   0.0 |  73.6 | 528.2
               +-------+-------+-------+-------+-------+----------------------
